 Dungeon Crawl Stone Soup version 0.25.1-2-g60ff931df9 (webtiles) character file.

Game seed: 18192363118260891028

354 KamiKatze the Cutter (level 6, -4/33 HPs)
             Began as a Vine Stalker Fighter on Aug 16, 2020.
             Was a Believer of Uskayaw.
             Slain by Menkaure (13 damage)
             ... on level 4 of the Dungeon.
             The game lasted 00:08:17 (2912 turns).

KamiKatze the Cutter (Vine Stalker Fighter)         Turns: 2912, Time: 00:08:18

Health: -4/33      AC:  7    Str: 21    XL:     6   Next: 63%
Magic:  0/7        EV:  7    Int:  8    God:    Uskayaw [**....]
Gold:   120        SH:  9    Dex: 13    Spells: 5/5 levels left

rFire    + . .     SeeInvis .   a - +0 rapier
rCold    + . .     Gourm    .   c - +0 kite shield
rNeg     . . .     Faith    .   b - +0 scale mail
rPois    .         Spirit   +   (no helmet)
rElec    .         Reflect  .   l - scarf {rC+ rF+}
rCorr    .         Harm     .   q - +0 pair of gloves
MR       .....                  (no boots)
Stlth    ..........             (no amulet)
HPRegen  0.51/turn              (no ring)
MPRegen  0.10/turn              (no ring)

@: no status effects
A: fangs 2, regeneration 1, magic shield, antimagic bite, no potion heal 3, rot
immunity
a: Stomp, Line Pass, Renounce Religion


You were on level 4 of the Dungeon.
You worshipped Uskayaw.
Uskayaw was noncommittal.
You were not hungry.

You visited 1 branch of the dungeon, and saw 4 of its levels.

You collected 120 gold pieces.

Inventory:

Hand Weapons
 a - a +0 rapier (weapon)
 u - a +2 flail of protection
Missiles
 e - 13 poisoned darts (quivered)
 h - 218 stones
Armour
 b - a +0 scale mail (worn)
 c - a +0 kite shield (worn)
 k - a +0 ring mail
 l - a scarf of resistance (worn)
 q - a +0 pair of gloves (worn)
 r - a +0 plate armour
Scrolls
 g - a scroll of noise {unknown}
 j - 2 scrolls of remove curse {unknown}
 n - 6 scrolls of identify {unknown}
 o - a scroll of teleportation {unknown}
Potions
 d - 2 potions of might
 i - 2 potions of curing {unknown}
 m - a potion of flight {unknown}
 p - 2 potions of degeneration {unknown}
 t - a potion of heal wounds {unknown}
Comestibles
 f - 9 rations
 s - 5 chunks of flesh


   Skills:
 + Level 4.0 Fighting
 * Level 4.5 Short Blades
 - Level 2.4 Armour
 + Level 4.0 Shields


You had 5 spell levels left.
You didn't know any spells.
Your spell library was empty.

Dungeon Overview and Level Annotations

Branches:
Dungeon (4/15)
 Temple: D:4-7

Altars:
Uskayaw
Xom

Annotations:
D:4 Menkaure


Innate Abilities, Weirdness & Mutations

You have extremely sharp teeth.
Your natural rate of healing is unusually fast.
When hurt, damage is shared between your health and your magic reserves.
Your bite disrupts and absorbs the magic of your enemies.
Potions cannot restore your health.
You are immune to rotting.


Message History

You puncture Menkaure! Your bite misses Menkaure.
Menkaure is heavily damaged.
Menkaure hits you!!
You are too injured to fight recklessly!
You are too injured to fight recklessly!
You are too injured to fight recklessly!
You hit Menkaure but do no damage. Your bite misses Menkaure.
Menkaure is heavily damaged.
Menkaure gestures wildly while chanting.
Menkaure seems to speed up.
You hit Menkaure. You bite Menkaure, but do no damage.
Menkaure is heavily damaged.
Menkaure gestures at you while chanting.
Pain shoots through your body!
* * * LOW HITPOINT WARNING * * *
You can now pass through a line of other dancers.
You hit Menkaure. Your bite misses Menkaure.
Menkaure is severely damaged.
Menkaure hits you!
You die...

.
#.##.##.##
.
#.....#.#
.
#######.#
. #.# #
#.# # #.#
#.# #.#
#@#
......M..#
###.#.####
#. #


You could see Menkaure (fast).

Vanquished Creatures
  Edmund (D:4)
  Blork the orc (D:4)
  2 orc wizards (D:3)
  A worker ant (D:4)
  3 adders
  2 oozes
  A worm (D:3)
  3 dart slugs
  3 orcs (D:3)
  A ball python (D:1)
  3 bats
  A giant cockroach (D:3)
  6 goblins
  10 hobgoblins
  3 jackals (D:3)
  A kobold (D:2)
  2 quokkas
  3 frilled lizards
  A quokka skeleton (D:4)
  6 rats
54 creatures vanquished.

Notes
Turn   | Place    | Note
-------+----------+-------------------------------------------
     0 | D:1      | KamiKatze the Vine Stalker Fighter began the quest for the
                  | Orb.
     0 | D:1      | Reached XP level 1. HP: 11/11 MP: 2/2
   121 | D:1      | Reached XP level 2. HP: 15/16 MP: 3/3
   807 | D:2      | Reached XP level 3. HP: 15/20 MP: 1/4
  1123 | D:2      | Found a shimmering altar of Xom.
  1641 | D:3      | Found a hide-covered altar of Uskayaw.
  1655 | D:3      | Became a worshipper of Uskayaw the Reveler
  1736 | D:3      | Reached * piety under Uskayaw
  1745 | D:3      | Reached ** piety under Uskayaw
  1785 | D:3      | Gained mutation: Your natural rate of healing is unusually
                  | fast. [Vine Stalker growth]
  1785 | D:3      | Reached XP level 4. HP: 11/24 MP: 2/5
  2001 | D:3      | Reached *** piety under Uskayaw
  2008 | D:3      | Reached **** piety under Uskayaw
  2016 | D:3      | Reached XP level 5. HP: 24/28 MP: 4/6
  2577 | D:4      | Noticed Blork the orc
  2641 | D:4      | Killed Blork the orc
  2641 | D:4      | Reached XP level 6. HP: 14/33 MP: 5/7
  2740 | D:4      | Noticed Edmund
  2794 | D:4      | Killed Edmund
  2908 | D:4      | Noticed Menkaure
  2912 | D:4      | Slain by Menkaure

Illustrated notes

Levels and vault maps discovered:
D:1:      ncdulo_watergridlock, layout_loops_ring
D:2:      layout_loops_corners, xom_teletrap_fun
D:3:      layout_loops_ring, overflow_temple_1_default, guppyfry_early_lair_pool
D:4:      layout_basic, good_gods_temple_1, first_ration, abandoned_shop,
          uniq_menkaure, uniq_blork_the_orc, uniq_edmund

Skill      XL: |  1  2  3  4  5  6 |
---------------+-------------------+-----
Short Blades   | 2 3 4 |  4.5
Fighting       | 3 4 |  4.0
Shields        | 3 4 |  4.0
Armour         | |  2.4

Action                   |  1- 3 |  4- 6 || total
-------------------------+-------+-------++-------
Melee: Rapier            |    96 |   114 ||   210
       Bite              |    22 |    37 ||    59
Throw: Dart              |     5 |     7 ||    12
Invok: Stomp             |       |     1 ||     1
       Line Pass         |       |     1 ||     1
  Eat: Chunk             |     3 |     1 ||     4
       Ration            |       |     1 ||     1
Armor: Scale mail        |    24 |    34 ||    58
Dodge: Dodged            |    27 |    22 ||    49
Block: Kite shield       |    37 |    39 ||    76
